 Dungeon Crawl Stone Soup version 0.31-a0-744-gbc345e7fcb (webtiles) character file.

Game seed: 7551034488775637032

25 Ordine the Ruffian (level 3, -1/34 HPs)
             Began as an Octopode Shapeshifter on Sept 13, 2023.
             Slain by Terence
             ... wielding a +0 hand axe of venom
              (4 damage)
             ... on level 2 of the Dungeon.
             The game lasted 00:01:59 (1560 turns).

Ordine the Ruffian (Octopode Shapeshifter)          Turns: 1560, Time: 00:01:59

Health: -1/34      AC: 21    Str: 15    XL:     3   Next: 6%
Magic:  3/3        EV:  2    Int: 12    God:
Gold:   46         SH:  0    Dex: 11    Spells: 2/2 levels left

rFire   . .          .
                       - Unarmed
rCold   . . .        (no shield)
rNeg    . . .        (helmet currently unavailable)
rPois   +            (no amulet)
rElec   .            (no ring)
rCorr   .            (no ring)
SInv    .            (no ring)
Will    +....        (no ring)
Stlth   +            (no ring)
HPRegen 0.25/turn    (no ring)
MPRegen 0.08/turn    (no ring)
                     (no ring)

%: no passive effects
@: lethally poisoned (-1 -> -8), tree-form, enlightened
A: stationary, stasis, torment immunity, boosted hp, almost no armour,
(amphibious), 8 rings, (camouflage 1), (gelatinous body 1), (nimble swimmer 1),
(tentacles)
a: no special abilities


You were on level 2 of the Dungeon.
You were a tree.
You visited 1 branch of the dungeon, and saw 2 of its levels.

You collected 85 gold pieces.
You spent 39 gold pieces at shops.

Inventory:

Talismans
 b - a beast talisman
 c - a flux talisman
Scrolls
 e - a scroll of torment {unknown}
 j - a scroll of identify {unknown}
 l - a scroll of teleportation
Potions
 f - a potion of heal wounds {unknown}
 g - a potion of brilliance {unknown}
 h - a potion of might {unknown}
 i - 3 potions of berserk rage {unknown}
 k - a potion of mutation {unknown}


   Skills:
 + Level 1.3 Fighting
 + Level 2.3 Dodging
 + Level 1.1 Stealth
 * Level 3.3 Unarmed Combat
 + Level 3.2 Shapeshifting


You had 2 spell levels left.
You didn't know any spells.
Your spell library contained the following spells:

 Spells                   Type           Power      Damage    Failure   Level
 Stone Arrow              Conj/Erth      0%         3d7       69%         3
 Lehudib's Crystal Spear  Conj/Erth      0%         10d2      100%        8
 Animate Armour           Summ/Erth      Unusable   N/A       N/A         4

Dungeon Overview and Level Annotations

Branches:
Dungeon (2/15)

Altars:

Shops:
D:2 ?

Annotations:
D:2 Terence


Innate Abilities, Weirdness & Mutations

You are a tree.
Your roots penetrate the ground, keeping you stationary.
You cannot be teleported.
You are immune to unholy pain and torment.
Your maximum health is greatly increased.
You cannot wear most types of armour.
((You are amphibious.))
You can wear up to eight rings at the same time.
((Your skin changes colour to match your surroundings (Stealth+).))
((Your rubbery body absorbs attacks. (AC +1, EV +1)))
((You are camouflaged when in or above water. (Stealth+)))
((You have tentacles for arms and can constrict up to eight enemies at once.))


Message History

You can access your shopping list by pressing '$'.
A kobold comes into view. It is wielding a +0 dagger.
The kobold shouts!
The kobold barely misses you.
You barely miss the kobold. You grab the kobold. You constrict the kobold.
The kobold closely misses you.
You tentacle-slap the kobold.
You kill the kobold!
Terence the Incautious comes into view.
He is wielding a +0 hand axe of venom.
Terence hits you with a +0 hand axe of venom!
You are lethally poisoned!
You tentacle-slap Terence but do no damage.
Your grab misses Terence. You squeeze Terence.
Terence is lightly wounded.
You feel very sick. Terence misses you.
You are too injured to fight recklessly!
You are too injured to fight recklessly!
Your transformation has ended.
You turn into a tree.
Your roots penetrate the ground.
You feel sick.
Terence shouts, "DIE!!!"
Terence hits you but does no damage.
You hit Terence.
Terence is moderately wounded.
You feel sick.
You barely miss Terence.
Terence is moderately wounded.
You feel sick.
Terence hits you with a +0 hand axe of venom.
* * * LOW HITPOINT WARNING * * *
You hit Terence but do no damage.
Terence is moderately wounded.
* * * LOW HITPOINT WARNING * * *
You feel sick. Terence hits you but does no damage.
You are lethally poisoned!
It was a potion of enlightenment.
Your roots keep you in place.
* * * LOW HITPOINT WARNING * * *
You feel sick.
Terence hits you with a +0 hand axe of venom.
You die...

#.#.#..#...).....
#..∩#..##.####.##
#.........# #.#
#####.##### #.#
#.....# ##'##
#.##### ##...# #.# #
##..... ####.##.##
##...... #.@♣..)..#
#.......
#.##........+.......
# #.#...####.......
#.##.## ##...... #..
... ##..... ... .#.#
##...# #### #.#
##+## #


You could see Terence.

Vanquished Creatures
  3 ball pythons
  3 endoplasms
  3 giant cockroaches
  A goblin (D:1)
  2 hobgoblins
  5 kobolds
  2 bats
  2 frilled lizards
  2 rats
23 creatures vanquished.

Notes
Turn   | Place    | Note
-------+----------+-------------------------------------------
     0 | D:1      | Ordine the Octopode Shapeshifter began the quest for the
                  | Orb.
     0 | D:1      | Reached XP level 1. HP: 13/13 MP: 1/1
   391 | D:1      | Reached XP level 2. HP: 18/18 MP: 2/2
   490 | D:1      | Found a faded altar of an unknown god.
  1088 | D:2      | Reached skill level 1 in Stealth
  1302 | D:2      | Reached XP level 3. HP: 18/23 MP: 3/3
  1530 | D:2      | Found Juvetiu's Magic Scroll Shoppe.
  1538 | D:2      | Bought a scroll of teleportation for 39 gold pieces
  1552 | D:2      | Noticed Terence
  1560 | D:2      | Slain by Terence

Illustrated notes

Levels and vault maps discovered:
D:1:      spicycebolla_green_bress_n_ham_2, layout_basic,
          hellmonk_ecumenical_altar_crossroads, solitary_fountain
D:2:      layout_loops_corners, serial_shops, shop, uniq_terence

Skill      XL: |  1  2 |
---------------+-------+-----
Stealth        | 1 |  1.1
Fighting       | |  1.3
Dodging        | |  2.3
Unarmed Combat | |  3.3
Shapeshifting  | |  3.2

Action                     || total
---------------------------++-------
  Melee: Unarmed           ||    39
         Tentacles         ||     8
         Constrict         ||    11
         Punch             ||     1
    Use: Potion            ||     2
   Stab: Sleeping          ||     5
 Armour: Skin              ||    15
  Dodge: Dodged            ||    16

Table legend: (Time is in decaauts)
 A = Elapsed time spent in this place.
 B = Non-inter-level travel time spent in this place.
 C = Inter-level travel time spent in this place.
 D = Time resting spent in this place.
 E = Time spent auto-exploring this place.
 F = Levels seen in this place.
 G = Mean time per level.
                   A        B        C        D        E       F      G
               +--------+--------+--------+--------+--------+-----+--------+
         Total |   1557 |   1441 |    116 |      0 |   1272 |   2 |  778.5 |
       Dungeon |   1557 |   1441 |    116 |      0 |   1272 |   2 |  778.5 |
               +--------+--------+--------+--------+--------+-----+--------+

Top non-repeatable levels by time:
     D:1: 879 daAuts
     D:2: 678 daAuts
